 Dungeon Crawl Stone Soup version 0.31-a0-188-g5e087ee2ca (webtiles) character file.

Game seed: 8153401248093736428

21 qw the Shooter (level 2, -5/16 HPs)
             Began as a Deep Elf Hunter on June 23, 2023.
             Slain by Sigmund
             ... wielding a +0 scythe
              (9 damage)
             ... on level 2 of the Dungeon.
             The game lasted 00:00:16 (781 turns).

qw the Shooter (Deep Elf Hunter)                     Turns: 781, Time: 00:00:17

Health: -5/16      AC:  3    Str:  8    XL:     2   Next: 65%
Magic:  4/4        EV: 12    Int: 13    God:
Gold:   65         SH:  0    Dex: 18    Spells: 1/1 levels left

rFire   . . .        Y - +0 shortbow
rCold   . . .        (shield currently unavailable)
rNeg    . . .        c - +0 leather armour
rPois   .            (no helmet)
rElec   .            (no cloak)
rCorr   .            (no gloves)
SInv    .            (no boots)
Will    .....        (no amulet)
Stlth   +            f - +4 ring of slaying {mikee}
HPRegen 0.22/turn    (no ring)
MPRegen 0.09/turn

%: no passive effects
@: confused
A: no striking features
a: no special abilities


You were on level 2 of the Dungeon.
You visited 1 branch of the dungeon, and saw 2 of its levels.

You collected 65 gold pieces.


   Skills:
 - Level 1.5 Fighting
 + Level 6.4 Ranged Weapons
 - Level 2.4 Dodging
 - Level 1.2 Stealth


You had one spell level left.
You didn't know any spells.
Your spell library was empty.

Inventory:

Hand Weapons
 Y - a +0 shortbow (weapon)
Armour
 c - a +0 leather armour (worn)
Jewellery
 f - a +4 ring of slaying (left hand) {mikee}
Scrolls
 b - a scroll of enchant armour
Potions
 g - a potion of curing {unknown}
 h - a potion of heal wounds {unknown}
 i - a potion of enlightenment {unknown}
 k - a potion of degeneration {unknown}

Dungeon Overview and Level Annotations

Branches:
Dungeon (2/15)

Altars:

Annotations:
D:2 Sigmund


Message History

A goblin comes into view. It is wielding a +0 dagger.
Sigmund closely misses you.
You shoot an arrow. The arrow closely misses Sigmund.
The goblin shouts!
Sigmund barely misses you.
You shoot an arrow. The arrow hits Sigmund!
Sigmund is moderately wounded.
A rat comes into view.
The bat misses you.
You shoot an arrow. The arrow hits Sigmund.
Sigmund is moderately wounded.
The bat closely misses you. Sigmund closely misses you.
You shoot an arrow. The arrow hits Sigmund.
Sigmund is heavily wounded.
The bat hits you.
Sigmund points at you and mumbles some strange words.
You resist with significant effort.
You shoot an arrow. The arrow hits Sigmund.
Sigmund is heavily wounded.
The bat hits you but does no damage. Sigmund completely misses you.
The goblin barely misses you.
You shoot an arrow. The arrow hits Sigmund!
Sigmund is almost dead.
The bat closely misses you. The bat hits you but does no damage.
The goblin barely misses you. The goblin misses you.
Sigmund closely misses you.
You shoot an arrow. The arrow hits Sigmund.
Sigmund is almost dead.
The bat closely misses you. The goblin barely misses you.
The goblin hits you with a +0 dagger.
Sigmund points at you and mumbles some strange words.
You are confused.
The bat hits you but does no damage. The goblin hits you with a +0 dagger.
The goblin hits you but does no damage.
Sigmund points at you and mumbles some strange words.
The puff of flame hits you. The bat hits you but does no damage.
The bat hits you. The goblin closely misses you.
The goblin hits you with a +0 dagger. Sigmund hits you with a +0 scythe!
Ouch! That really hurt!
You die...

#..# #<..#
#..###%.##
#.......#
###.....###
##..#...#
#..#.#.....#
#....##....#
######@#.#......#
#......@$..##...#
..###.#gg### .##
#.##r.. ..#.#.
........ ..#.#.#.
......... .#.#.#.


You could see Sigmund, 2 goblins and a rat.

Vanquished Creatures
  A dart slug (D:1)
  A bat (D:1)
  An endoplasm (D:1)
  2 giant cockroaches (D:1)
  A goblin (D:1)
  2 hobgoblins (D:1)
  4 ball pythons
  3 frilled lizards (D:1)
  A kobold (D:1)
  3 rats (D:1)
19 creatures vanquished.

Notes
Turn   | Place    | Note
-------+----------+-------------------------------------------
     0 | D:1      | qw the Deep Elf Hunter began the quest for the Orb.
     0 | D:1      | Reached XP level 1. HP: 12/12 MP: 3/3
     0 | D:1      | 0 ||| qw: Version: 0.3-a-9-g12657ce
     0 | D:1      | 0 ||| qw: Game counter: 3150
     0 | D:1      | 0 ||| qw: Always use a shield: true
     0 | D:1      | 0 ||| qw: God list: Okawaru
     0 | D:1      | 0 ||| qw: Allow faded altars: false
     0 | D:1      | 0 ||| qw: Do Orc after D:15 true
     0 | D:1      | 0 ||| qw: Do second Lair branch before Depths: true
     0 | D:1      | 0 ||| qw: Lair rune preference: random
     0 | D:1      | 0 ||| qw: Plans: Normal
     0 | D:1      | 0 ||| PLANNING D:1-11
   216 | D:1      | You fall into a shaft and drop 1 floor!
   218 | D:2      | 218 ||| UPGRADING to +4 ring of slaying {mikee}.
   219 | D:2      | 219 ||| READING scroll labelled UBYIMI ZELADA.
   220 | D:2      | 220 ||| READING scroll labelled GULUUNOSOI.
   223 | D:2      | 223 ||| DROPPING scroll of butterflies.
   228 | D:2      | Reached skill level 6 in Ranged Weapons
   228 | D:2      | Reached XP level 2. HP: 16/16 MP: 4/4
   263 | D:1      | 263 ||| FLEEEEING.
   264 | D:1      | 264 ||| FLEEEEING.
   722 | D:1      | 722 ||| READING scroll labelled LAROISHR JOGY.
   723 | D:1      | 723 ||| READING 2 scrolls labelled ICHETZ YGEITS.
   724 | D:1      | 724 ||| READING scroll labelled RAEB WIZXIEBB.
   725 | D:1      | 725 ||| READING scroll labelled BYCENU YWISU.
   726 | D:1      | 726 ||| READING scroll labelled VUCZIF ESUSUGIHORY.
   769 | D:2      | Noticed Sigmund
   781 | D:2      | HP: 4/16 [goblin/+0 dagger (3)]
   781 | D:2      | Slain by Sigmund

Levels and vault maps discovered:
D:1:      dpeg_arrival_chambers_temple_mockup, layout_basic,
          minmay_crystal_water, dreamdust_wishing_well, minmay_strange_pillars,
          st_stairs_11, nicolae_the_louvre
D:2:      layout_rooms, serial_glass, glass_columns_a, glass_columns_b,
          glass_columns_c, glass_columns_b, glass_columns_a, glass_columns_b,
          uniq_sigmund

Skill      XL: |  1 |
---------------+----+-----
Ranged Weapons | 6 |  6.4
Fighting       | |  1.5
Dodging        | |  2.4
Stealth        | |  1.2

Action                     || total
---------------------------++-------
   Fire: Shortbow          ||    45
    Use: Scroll            ||     7
 Armour: Leather armour    ||     5
  Dodge: Dodged            ||    16

Table legend:
 A = Non-vault XP
 B = Vault XP
 C = Vault XP percentage of total XP
 D = Non-vault monster count
 E = Vault monster count
 F = Vault count percentage of total count
                 A         B        C        D         E       F
            +---------+---------+-------+---------+---------+-------
      Total |      28 |       3 |   9.7 |      16 |       3 |  15.8
            +---------+---------+-------+---------+---------+-------
        D:1 |      26 |       3 |  10.3 |      15 |       3 |  16.7
        D:2 |       2 |       0 |   0.0 |       1 |       0 |   0.0
            +---------+---------+-------+---------+---------+-------
